 Dungeon Crawl Stone Soup version 0.20-a0-850-ge5a7832 (webtiles) character file.

1000 asdf the Covert (level 8, -4/42 HPs)
             Began as a Spriggan Assassin on Mar 9, 2017.
             Was a Follower of Kikubaaqudgha.
             Slain by a wraith (9 damage)
             ... in an ossuary.
             The game lasted 00:15:33 (5698 turns).

asdf the Covert (Spriggan Assassin)                 Turns: 5698, Time: 00:15:34

Health: -4/42      AC:  5    Str:  7    XL:     8   Next: 0%
Magic:  11/11      EV: 23    Int: 13    God:    Kikubaaqudgha [*.....]
Gold:   189        SH:  0    Dex: 19    Spells: 9/9 levels left

rFire    . . .     SeeInvis +   r - +2 dagger (drain)
rCold    . . .     Gourm    .   c - +0 robe
rNeg     . . .     Faith    .   (shield restricted)
rPois    +         Spirit   .   (helmet restricted)
rElec    .         Reflect  .   d - +0 cloak
rCorr    .         Harm     .   (gloves unavailable)
MR       +....                  (boots unavailable)
Stlth    ++++......             (no amulet)
Regen    0.2/turn               y - +2 ring of protection
MPRegen  0.2/turn               B - ring of poison resistance

@: slowed, quick
A: unfitting armour, see invisible, herbivore 3, speed 3, slow metabolism 2
a: Receive Corpses, Renounce Religion


You were in an ossuary.
You worshipped Kikubaaqudgha.
Kikubaaqudgha was aware of your devotion.
You were very hungry.

You visited 2 branches of the dungeon, and saw 7 of its levels.
You also visited: Sewer and Ossuary.

You collected 189 gold pieces.

Inventory:

Hand Weapons
 a - a +2 dagger
 b - a +0 blowgun
 r - a +2 dagger of draining (weapon)
Missiles
 e - 20 poisoned needles
 f - 2 curare-tipped needles
 J - 8 needles of sleeping
Armour
 c - a +0 robe (worn)
 d - a +0 cloak (worn)
Jewellery
 l - an uncursed ring of resist corrosion
 y - a +2 ring of protection (right hand)
 B - a ring of poison resistance (left hand)
 I - an uncursed ring of stealth
 N - an uncursed ring of stealth
Wands
 E - a wand of iceblast (9/15)
 F - a wand of flame (25/48)
 K - a wand of paralysis (11/24)
Scrolls
 i - 2 scrolls of identify
 j - 3 scrolls of teleportation {unknown}
 o - 3 scrolls of enchant armour {unknown}
 q - a scroll of amnesia {unknown}
 t - a scroll of magic mapping {unknown}
 w - 2 scrolls of recharging {unknown}
 x - 2 scrolls of blinking {unknown}
 A - 3 scrolls of remove curse
 C - a scroll of immolation {unknown}
 D - 2 scrolls of fog {unknown}
Potions
 h - 8 potions of heal wounds
 k - 4 potions of curing {unknown}
 m - a potion of agility {unknown}
 n - 3 potions of lignification {unknown}
 s - 2 potions of degeneration {unknown}
 z - 2 potions of flight {unknown}
 G - 4 potions of haste {unknown}
 H - a potion of invisibility {unknown}
 M - 2 potions of brilliance {unknown}
Books
 v - a book of Cantrips

   Spells                             Type                      Level
   a - Confusing Touch                Hexes                        1
   b - Animate Skeleton               Necromancy                   1
   c - Summon Small Mammal            Summoning                    1
   d - Apportation                    Translocation                1
 L - Kikubaaqudgha's Almanac of Dark Rituals
   (Kikubaaqudgha gifted it to you in an ossuary)

   Spells                             Type                      Level
   a - Pain                           Necromancy                   1
   b - Corpse Rot                     Necromancy                   2
   c - Sublimation of Blood           Necromancy                   2
   d - Vampiric Draining              Necromancy                   3
   e - Control Undead                 Necromancy                   4
Comestibles
 g - 2 bread rations
 p - 3 fruits
 u - 4 royal jellies


   Skills:
 * Level 4.1 Fighting
 * Level 5.6 Short Blades
 - Level 2.0 Throwing
 * Level 7.2 Dodging
 + Level 8.0 Stealth
 - Level 1.4 Spellcasting


You had 9 spell levels left.
You didn't know any spells.

Dungeon Overview and Level Annotations

Branches:
Dungeon (6/15)             Temple (1/1) D:5

Altars:
Ashenzari
Cheibriados
Dithmenos
Elyvilon
Fedhas
Gozag
Hepliaklqana
Kikubaaqudgha
Makhleb
Nemelex Xobeh
Okawaru
Qazlal
Sif Muna
Trog
Vehumet
Wu Jian
Xom
Zin
The Shining One

Shops:
D:6 }?=

Annotations:
D:4 Duelies's ghost, amateur HOMo


Innate Abilities, Weirdness & Mutations

You are very small and have problems with some larger weapons.
You are too small for most types of armour.
You have supernaturally acute eyesight. (SInv)
You are a herbivore.
You cover ground extremely quickly.
You need consume almost no food.


Message History

You hit the wraith but do no damage.
The wraith is moderately damaged.
The wraith hits you!
* * * LOW HITPOINT WARNING * * *
The wraith drains your vigour!
You feel as though you will be slow longer.
You hit the wraith but do no damage.
The wraith is moderately damaged.
The wraith misses you.
As you read the scroll labeled MIKEET QEFYSO, it crumbles to dust.
You feel blessed for a moment.
It was a scroll of remove curse.
The wraith hits you.
* * * LOW HITPOINT WARNING * * *
The wraith misses you.
As you read the scroll labeled EFUTZO UZOESIA, it crumbles to dust.
It is a scroll of identify.
h - 8 potions of heal wounds The wraith hits you!
You die...
Kikubaaqudgha rasps: "You have failed me!
Welcome... death!"

W#...∩.∩...#W#
###.......#### ##.....##
##...##
##########'''##########
.........................#
.........................#
###..###..###..###..###..#
#.#.^#.#..#.#..#@#..#.#..#
#'#..#'#..#'#.^#W#..#'#..#
#.#..#.#..#.#..#.#..#^#..#
...................^..^..#
.........................#
####......###......####..#
#.'...8...#.#...8...'.#..#
####......#'#......####..#
..........#.#............#


You could see a wraith.

Vanquished Creatures
  A sky beast (D:6)
  3 ogres
  A big kobold (Sewer)
  A bullfrog (D:6)
  2 crimson imps
  A quasit (D:4)
  A bullfrog skeleton (D:5)
  A hound (D:5)
  3 orc priests (D:6)
  2 worker ants
  3 mummies (Ossuary)
  6 adders
  2 river rats (Sewer)
  2 oozes
  3 worms (D:3)
  3 dart slugs
  3 leopard geckos
  5 orcs
  A ball python (D:1)
  4 giant cockroaches
  A gnoll zombie (Ossuary)
  6 goblins
  5 hobgoblins
  14 jackals
  14 kobolds
  A quokka (D:2)
  7 bats
  5 frilled lizards
  5 goblin zombies (Ossuary)
  5 hobgoblin zombies (Ossuary)
  A kobold zombie (Ossuary)
  A leopard gecko skeleton (D:5)
  3 rats (Sewer)
116 creatures vanquished.

Notes
Turn   | Place    | Note
-------+----------+-------------------------------------------
     0 | D:1      | asdf the Spriggan Assassin began the quest for the Orb.
     0 | D:1      | Reached XP level 1. HP: 10/10 MP: 2/2
   118 | D:1      | Reached skill level 6 in Stealth
   181 | D:1      | Reached XP level 2. HP: 14/14 MP: 3/3
   472 | D:2      | Reached XP level 3. HP: 18/18 MP: 5/5
   515 | D:2      | Reached skill level 1 in Spellcasting
  1120 | D:2      | Reached XP level 4. HP: 23/23 MP: 7/7
  1379 | D:2      | Found a glowing golden altar of the Shining One.
  1379 | D:2      | Found a glowing silver altar of Zin.
  1379 | D:2      | Found a white marble altar of Elyvilon.
  1985 | D:3      | Found a glowing drain.
  1989 | Sewer    | Entered a sewer
  2020 | Sewer    | Reached XP level 5. HP: 26/26 MP: 8/8
  2376 | Sewer    | Found a white marble altar of Elyvilon.
  2628 | D:4      | Noticed an ogre
  2648 | D:4      | Killed an ogre
  2648 | D:4      | Reached skill level 5 in Dodging
  2648 | D:4      | Reached skill level 7 in Stealth
  2648 | D:4      | Reached XP level 6. HP: 23/32 MP: 9/9
  2753 | D:4      | Noticed Duelies's ghost (amateur HOMo)
  3335 | D:5      | Entered Level 5 of the Dungeon
  3478 | D:5      | Noticed an ice beast
  4348 | D:5      | Found a staircase to the Ecumenical Temple.
  4366 | D:5      | Reached XP level 7. HP: 22/36 MP: 10/10
  4544 | Temple   | Entered the Ecumenical Temple
  4651 | Temple   | Became a worshipper of Kikubaaqudgha
  5002 | D:6      | Found Helop's Jewellery Emporium.
  5092 | D:6      | Reached skill level 5 in Short Blades
  5106 | D:6      | Found Toto's Magic Scroll Shoppe.
  5200 | D:6      | Found Jifeneiff's Gadget Emporium.
  5266 | D:6      | Reached skill level 8 in Stealth
  5354 | D:6      | Found a sand-covered staircase.
  5360 | Ossuary  | Entered an ossuary
  5360 | Ossuary  | Noticed a wraith
  5360 | Ossuary  | Noticed a wraith
  5360 | Ossuary  | Noticed a wraith
  5466 | Ossuary  | Reached * piety under Kikubaaqudgha
  5466 | Ossuary  | Identified Kikubaaqudgha's Almanac of Dark Rituals (Kikubaaqudgha gifted it to you in an ossuary)
  5466 | Ossuary  | Received a gift from Kikubaaqudgha
  5620 | Ossuary  | Noticed a wraith
  5646 | Ossuary  | Reached XP level 8. HP: 36/42 MP: 11/11
  5698 | Ossuary  | Slain by a wraith

Vault maps used:
D:1:      minmay_arrival_up_and_down
D:2:      good_gods_mini_temple, first_bread
D:3:      gup_sewer_entry_bowl
D:5:      minmay_temple_entry_enclosed_plants
D:6:      enter_ossuary_1, serial_shops, shop, shop_fountains, shop_fountains,
          shop, nicolae_shop_trees
Temple:   regret_index_temple_sphere_string
Sewer:    sewer_kobolds
Ossuary:  ossuary_kennysheep_city_of_the_dead

Skill      XL: |  1  2  3  4  5  6  7 |
---------------+----------------------+-----
Dodging        | 2 3 4 5 6 7 |  7.2
Stealth        | 6 7 8 |  8.0
Spellcasting   | 1 |  1.4
Short Blades   | 3 4 5 |  5.6
Fighting       | 2 3 4 |  4.1
Throwing       | |  2.0

Action                   |  1- 3 |  4- 6 |  7- 9 || total
-------------------------+-------+-------+-------++-------
Melee: Dagger            |    99 |   277 |   279 ||   655
 Fire: Blowgun           |       |     8 |     4 ||    12
  Use: Scroll            |       |       |     2 ||     2
 Stab: Sleeping          |    11 |    16 |     7 ||    34
  Eat: Royal jelly       |       |     1 |       ||     1
Armor: Robe              |     9 |    30 |    24 ||    63
Dodge: Dodged            |    71 |   234 |   182 ||   487
